 Dungeon Crawl Stone Soup version 0.29.1-12-g30fa7ad0bf (webtiles) character file.

Game seed: 7354035737979268205

3041 mampy3000 the Cleaver (level 9, -13/123 HPs)
             Began as a Minotaur Berserker on Jan 10, 2023.
             Was an Elder of Trog.
             Mangled by a boulder beetle (21 damage)
             ... on level 8 of the Dungeon on Jan 12, 2023.
             The game lasted 00:31:13 (7144 turns).

mampy3000 the Cleaver (Minotaur Berserker)          Turns: 7144, Time: 00:31:13

Health: -13/123    AC: 12    Str: 24    XL:     9   Next: 56%
Magic:  8/8        EV:  9    Int:  4    God:    Trog [****..]
Gold:   480        SH:  4    Dex: 12    Spells: 8/8 levels left

rFire   . . .      SeeInvis .   a - +0 hand axe
rCold   . . .      Faith    .   y - +0 buckler
rNeg    + . .      Spirit   .   t - +0 chain mail
rPois   .          Reflect  .   (helmet restricted)
rElec   .          Harm     .   (no cloak)
rCorr   .          Rampage  .   c - +0 pair of gloves
Will    .....                   (no boots)
Stlth   ..........              k - amulet of the acrobat
HPRegen 0.30/turn               s - ring of flight
MPRegen 0.11/turn               o - ring of positive energy

@: berserking, flying, very quick
A: horns 2, retaliatory headbutt
a: Renounce Religion, Berserk, Trog's Hand, Brothers in Arms


You were on level 8 of the Dungeon.
You worshipped Trog.
Trog was greatly pleased with you.
You visited 1 branch of the dungeon, and saw 8 of its levels.

You collected 480 gold pieces.

Inventory:

Hand Weapons
 a - a +0 hand axe (weapon)
Missiles
 f - a throwing net (quivered)
 D - 2 boomerangs
Armour
 c - a +0 pair of gloves (worn)
 t - a +0 chain mail (worn)
 y - a +0 buckler (worn)
Jewellery
 k - an amulet of the acrobat (around neck)
 o - a ring of positive energy (right hand)
 s - a ring of flight (left hand)
 C - a ring of positive energy
 E - an amulet of magic regeneration
Wands
 p - a wand of digging (3)
 r - a wand of flame (33)
Scrolls
 d - a scroll of immolation {unknown}
 e - 7 scrolls of teleportation
 g - 2 scrolls of fog {unknown}
 h - a scroll of silence {unknown}
 i - 2 scrolls of amnesia {unknown}
 m - 2 scrolls of enchant weapon {unknown}
 n - a scroll of vulnerability {unknown}
 q - 2 scrolls of poison {unknown}
 v - a scroll of blinking {unknown}
 z - 2 scrolls of acquirement {unknown}
 A - a scroll of torment {unknown}
 G - a scroll of identify
 H - a scroll of magic mapping {unknown}
Potions
 b - a potion of cancellation
 j - a potion of magic {unknown}
 l - 2 potions of curing
 u - 2 potions of brilliance
 w - 2 potions of might
 x - a potion of attraction {unknown}
 B - a potion of flight {unknown}
 F - 4 potions of heal wounds


   Skills:
 + Level 8.3 Fighting
 + Level 10.9 Axes
 + Level 7.7 Armour
 + Level 4.9 Dodging
 + Level 2.3 Stealth
 + Level 1.6 Shields


You had 8 spell levels left.
You didn't know any spells.
Your spell library was empty.

Dungeon Overview and Level Annotations

Branches:
Dungeon (8/15)             Temple (0/1) D:4
   Lair: D:8-11

Altars:
Ashenzari
Cheibriados
Fedhas
Hepliaklqana
Nemelex Xobeh
Qazlal
Uskayaw
Wu Jian
Xom
Yredelemnul
Zin


Innate Abilities, Weirdness & Mutations

You have a pair of horns on your head.
You reflexively headbutt those who attack you in melee.


Message History

You headbutt the boulder beetle. You barely miss the boulder beetle.
The boulder beetle is lightly wounded.
The boulder beetle barely misses you. You furiously retaliate!
You headbutt the boulder beetle, but do no damage.
You barely miss the boulder beetle. You headbutt the boulder beetle!
The boulder beetle is moderately wounded.
The boulder beetle leaps!
The boulder beetle attacks as you move away!
The boulder beetle completely misses you.
The boulder beetle curls into a ball and begins rolling!
The boulder beetle hits you!!!
Ouch! That really hurt!
The boulder beetle stops rolling and uncurls.
You hit the boulder beetle but do no damage.
The boulder beetle is moderately wounded.
The boulder beetle bites you!
* * * LOW HITPOINT WARNING * * *
You hit the boulder beetle.
Your headbutt misses the boulder beetle.
The boulder beetle is moderately wounded.
The boulder beetle closely misses you. You furiously retaliate!
You headbutt the boulder beetle! You slash the boulder beetle!
The boulder beetle is heavily wounded.
A red film seems to cover your vision as you go berserk!
You feel yourself moving faster!
You feel mighty! The boulder beetle barely misses you.
You completely miss the boulder beetle.
You headbutt the boulder beetle, but do no damage.
The boulder beetle is heavily wounded.
The boulder beetle bites you!!
* * * LOW HITPOINT WARNING * * *
You hit the boulder beetle but do no damage.
The boulder beetle is heavily wounded.
You hit the boulder beetle but do no damage.
You headbutt the boulder beetle.
The boulder beetle is heavily wounded.
The boulder beetle bites you!!
You die...

##.## #.####...
##...#####.###....
#..#....##......._
##'##......).##....
##...##........##...
#.###.#.........##..
#.#=#.#..........##.
#.#'#.#.............
##.@B##..........###
#####...........#
............# # ...
...


You could see a boulder beetle.

Vanquished Creatures
  A troll (D:7)
  A steam dragon (D:7)
  Menkaure (D:4)
  Duvessa (D:4)
  A water moccasin (D:7)
  An orc warrior (D:7)
  2 black bears
  An ice beast (D:6)
  3 necrophages
  4 bullfrogs
  A gnoll sergeant (D:5)
  2 scorpions (D:5)
  5 wights
  Dowan (D:4)
  3 killer bees (D:7)
  A howler monkey (D:5)
  6 hounds
  2 orc priests
  Crazy Yiuf (D:2)
  Natasha (twice) (D:4)
  A gnoll bouda (D:4)
  4 iguanas
  Ijyb (D:3)
  5 orc wizards
  Robin (D:2)
  8 gnolls
  An adder (D:4)
  2 white imps
  3 ufetubi
  2 worms
  3 dart slugs
  26 orcs
  10 ball pythons
  2 endoplasms (D:1)
  3 giant cockroaches
  15 goblins
  13 hobgoblins
  3 jackals (D:4)
  5 quokkas
  6 bats
  2 frilled lizards
  4 kobolds
  8 rats
168 creatures vanquished.

Vanquished Creatures (others)
  A bullfrog (D:7)
1 creature vanquished.

Grand Total: 169 creatures vanquished

Notes
Turn   | Place    | Note
-------+----------+-------------------------------------------
     0 | D:1      | mampy3000 the Minotaur Berserker began the quest for the
                  | Orb.
     0 | D:1      | Reached XP level 1. HP: 19/19 MP: 0/0
   136 | D:1      | Reached XP level 2. HP: 24/27 MP: 1/1
   142 | D:1      | Reached skill level 4 in Axes
   900 | D:2      | Reached XP level 3. HP: 20/34 MP: 2/2
  1123 | D:2      | Reached ** piety under Trog
  1393 | D:2      | Noticed Robin
  1424 | D:2      | Killed Robin
  1445 | D:2      | Reached XP level 4. HP: 31/41 MP: 3/3
  1583 | D:2      | Found a runed translucent door.
  1584 | D:2      | Noticed Crazy Yiuf
  1590 | D:2      | Killed Crazy Yiuf
  1714 | D:2      | Reached skill level 5 in Axes
  1845 | D:3      | Found a sparkling altar of Nemelex Xobeh.
  1966 | D:3      | Reached XP level 5. HP: 36/47 MP: 4/4
  2199 | D:3      | Found a blossoming altar of Fedhas.
  2207 | D:3      | Noticed Ijyb
  2218 | D:3      | Killed Ijyb
  2219 | D:3      | Reached skill level 5 in Fighting
  2724 | D:4      | Noticed Natasha
  2738 | D:4      | Killed Natasha
  2844 | D:4      | Reached XP level 6. HP: 56/56 MP: 5/5
  2846 | D:4      | Reached skill level 6 in Axes
  2970 | D:4      | Found a stormy altar of Qazlal.
  3051 | D:4      | Noticed Menkaure
  3060 | D:4      | Killed Menkaure
  3061 | D:4      | Reached skill level 1 in Stealth
  3160 | D:4      | Reached *** piety under Trog
  3167 | D:4      | Reached skill level 7 in Axes
  3168 | D:4      | Reached XP level 7. HP: 60/63 MP: 6/6
  3220 | D:4      | Noticed Natasha
  3311 | D:4      | Found a hazy altar of Hepliaklqana.
  3354 | D:4      | Killed Natasha
  3385 | D:4      | Found a staircase to the Ecumenical Temple.
  3468 | D:4      | Found a broken altar of Ashenzari.
  3502 | D:4      | Noticed Dowan
  3503 | D:4      | Noticed Duvessa
  3514 | D:4      | Killed Duvessa
  3534 | D:4      | Killed Dowan
  3535 | D:4      | Reached skill level 8 in Axes
  3776 | D:5      | Entered Level 5 of the Dungeon
  3836 | D:5      | Reached XP level 8. HP: 58/71 MP: 7/7
  4474 | D:5      | Reached skill level 9 in Axes
  5058 | D:6      | Reached **** piety under Trog
  5166 | D:6      | Reached skill level 5 in Armour
  6110 | D:7      | Reached skill level 10 in Axes
  6110 | D:7      | Reached XP level 9. HP: 77/81 MP: 8/8
  6264 | D:7      | Noticed a troll
  6278 | D:7      | Killed a troll
  6279 | D:7      | Reached skill level 1 in Shields
  6302 | D:7      | Found a glowing silver altar of Zin.
  6424 | D:7      | Noticed an angel
  6429 | D:7      | Found a shimmering altar of Xom.
  6500 | D:7      | Found an ornate altar of the Wu Jian Council.
  6955 | D:8      | Found a hide-covered altar of Uskayaw.
  6955 | D:8      | Found a snail-covered altar of Cheibriados.
  7055 | D:8      | Found a basalt altar of Yredelemnul.
  7126 | D:8      | Noticed a boulder beetle
  7144 | D:8      | Mangled by a boulder beetle

Illustrated notes

Levels and vault maps discovered:
D:1:      minmay_arrival_three_doors, layout_basic
D:2:      layout_rooms, minmay_quadrilaterals, uniq_robin,
          uniq_crazy_yiuf_cottage
D:3:      layout_loops_ring, lemuel_round_altar, fedhas_ov_isle_minmay,
          uniq_ijyb
D:4:      layout_basic, mainiacjoe_overflow_six_doors_small,
          nicolae_overflow_hidden_temple, amcnicky_altar_gilded,
          minmay_temple_entry_mist, wad_floor_pattern_untrapped, uniq_duvessa,
          uniq_natasha, uniq_menkaure
D:5:      nicolae_cairo_tiling_very_big, layout_gridville, chequers_mini_garden
D:6:      layout_basic, roderic_roman_lattice
D:7:      layout_gridville, grunt_temple_overflow_order_and_chaos_1,
          mainiacjoe_overflow_alcove_2
D:8:      layout_cave_pods, nicolae_tso_carved_into_rock, lemuel_round_altar,
          chequers_temple_overflow_statue_of_worship,
          ebering_dispersal_statue_hall, kennysheep_just_a_vault

Skill      XL: |  1  2  3  4  5  6  7  8  9 |
---------------+----------------------------+-----
Fighting       | 4 5 6 7 8 |  8.3
Axes           | 4 5 7 8 10 | 10.9
Dodging        | 3 4 |  4.9
Stealth        | 1 2 |  2.3
Armour         | 3 6 7 |  7.7
Shields        | 1 |  1.6

Action                   |  1- 3 |  4- 6 |  7- 9 || total
-------------------------+-------+-------+-------++-------
Melee: Hand axe          |   115 |    89 |   285 ||   489
       Headbutt          |     8 |    18 |    55 ||    81
       Punch             |       |     1 |     1 ||     2
Invok: Berserk           |     2 |     4 |     7 ||    13
       Trog's Hand       |     1 |     1 |     1 ||     3
  Use: Scroll            |     1 |     1 |     5 ||     7
       Potion            |     1 |       |     1 ||     2
 Stab: Sleeping          |       |     1 |       ||     1
Armor: Animal skin       |    31 |     4 |       ||    35
       Leather armour    |       |     2 |       ||     2
       Chain mail        |       |     2 |   128 ||   130
Dodge: Dodged            |    84 |    60 |   158 ||   302
Block: Buckler           |       |       |    25 ||    25
